 Dungeon Crawl Stone Soup version 0.27.1 (webtiles) character file.

Game seed: 8211319988906250645

389 robertstho the Magician (level 7, 0/47 HPs)
             Began as a Djinni Fire Elementalist on Sept 3, 2021.
             Slain by a scorpion (7 damage)
             ... on level 5 of the Dungeon.
             The game lasted 00:07:16 (6393 turns).

robertstho the Magician (Djinni Fire Elementalist)  Turns: 6393, Time: 00:07:16

Health: 0/47       AC:  2    Str:  7    XL:     7   Next: 7%
Gold:   175        EV: 12    Int: 19    God:
                   SH:  0    Dex: 13

rFire    + + .     SeeInvis .   n - +0 dagger (speed)
rCold    . . .     Faith    .   (no shield)
rNeg     . . .     Spirit   .   a - +0 robe
rPois    ∞         Reflect  .   (no helmet)
rElec    .         Harm     .   (no cloak)
rCorr    .         Rampage  .   (no gloves)
Will     .....                  (boots unavailable)
Stlth    ++........             (no amulet)
HPRegen  0.15/turn              m - ring of protection from cold
MPRegen  0.00/turn              (no ring)

@: flying
A: sickness immunity, fire resistance 2, cold vulnerability 1, float, innate
caster, hp casting, extra vitality 1
a: no special abilities


You were on level 5 of the Dungeon.
You visited 1 branch of the dungeon, and saw 5 of its levels.

You collected 175 gold pieces.

Inventory:

Hand Weapons
 d - a +0 short sword
 n - a +0 dagger of speed (weapon)
Missiles
 v - 83 stones
Armour
 a - a +0 robe (worn)
Jewellery
 m - a ring of protection from cold (left hand)
 s - a +4 ring of evasion
Wands
 t - a wand of polymorph (4)
 x - a wand of paralysis (7)
Scrolls
 b - a scroll of torment {unknown}
 c - 5 scrolls of teleportation {unknown}
 f - 2 scrolls of magic mapping {unknown}
 g - 6 scrolls of identify {unknown}
 h - a scroll of blinking {unknown}
 l - a scroll of noise {unknown}
 p - 3 scrolls of amnesia {unknown}
 q - a scroll of enchant weapon {unknown}
 r - a scroll of fog {unknown}
Potions
 e - 4 potions of curing {unknown}
 i - a potion of invisibility {unknown}
 j - 4 potions of berserk rage {unknown}
 k - 3 potions of mutation {unknown}
 o - 2 potions of haste {unknown}
 u - a potion of attraction {unknown}
 w - 2 potions of degeneration {unknown}


   Skills:
 * Level 1.6 Fighting
 + Level 2.3 Dodging
 + Level 2.6 Stealth
 * Level 5.1 Spellcasting


You couldn't memorise any spells.
You knew the following spells:

 Your Spells              Type           Power      Damage    Failure   Level
a - Foxfire               Conj/Fire      96%        2x1d8     1%          1
b - Conjure Flame         Conj/Fire      24%        6-21      4%          3
c - Inner Flame           Hex/Fire       24%        N/A       4%          3
d - Sticky Flame          Conj/Fire      24%        2d5       14%         4
e - Fireball              Conj/Fire      12%        3d7       38%         5
f - Sandblast             Erth           48%        2d12      1%          1
g - Corpse Rot            Necr/Air       N/A        N/A       2%          2
h - Teleport Other        Tloc           24%        N/A       4%          3
Your spell library was empty.

Dungeon Overview and Level Annotations

Branches:
Dungeon (5/15)             Temple (0/1) D:4

Altars:
Ashenzari
Okawaru
Beogh

Shops:
D:4 *

Annotations:
D:3 3 runed translucent doors, MasterNub's ghost, amateur DsBe


Innate Abilities, Weirdness & Mutations

You are immune to sickness and miasma.
You are immune to poison.
Your flesh is very heat resistant. (rF++)
You are vulnerable to cold. (rC-)
You float through the air rather than walking.
You learn spells naturally, not from books.
Your magical power is your life essence.
You have superior vitality. (+4 HP)


Message History

The hound is heavily wounded.
The hound closely misses you. The scorpion zombie barely misses you.
The scorpion stings you but does no damage.
The hound barely misses you.
Unknown command.
The foxfire hits the scorpion.
The scorpion is moderately wounded.
The foxfire hits the scorpion zombie.
The scorpion zombie is lightly damaged.
The hound bites you.
There is an open door here.
The hound bites you.
Casting: Foxfire (safe; 1% risk of failure)
Confirm with . or Enter, or press ? or * to list all spells.
The spell is quite dangerous to cast (16% risk of failure)!
Continue anyway?
Aiming: Sticky Flame (quite dangerous; 16% risk of failure)
Press: ? - help, Shift-Dir - straight line, f - hound
Aim: a hound (heavily wounded, 100% to hit)
The sticky flame hits the hound!
The hound is almost dead.
The hound is covered in liquid flames!
* * * LOW HITPOINT WARNING * * *
The hound burns!
You kill the hound!
The scorpion closely misses you.
You have reached level 7!
The power to cast Teleport Other wells up from within.
Spell assigned to 'h'.
Casting: Sticky Flame (quite dangerous; 14% risk of failure)
Confirm with . or Enter, or press ? or * to list all spells.
The spell is quite dangerous to cast (14% risk of failure)!
Continue anyway?
Aiming: Sticky Flame (quite dangerous; 14% risk of failure)
Press: ? - help, Shift-Dir - straight line, f - scorpion
Aim: a scorpion (moderately wounded, 100% to hit)
The sticky flame hits the scorpion but does no damage.
The scorpion is moderately wounded.
The scorpion is covered in liquid flames!
* * * LOW HITPOINT WARNING * * *
The scorpion burns!
The scorpion stings you!
You die...

#. #. # ## # #..
####.####..
⌠.##'##.⌠#" ....#
.......... ....#
#........###....
........#...#^#
'..._.†Zs...#.#
#.......#@..#.###
#.......##.)....####
.........#........(#
⌠.##'##.⌠#......##..
# ... ###......## .#.
#........###########
#.
#........)))))).....
#........#####......
...#.##########.#.###


You could see a scorpion (burning) and a scorpion zombie.

Vanquished Creatures
  A gnoll shaman (D:5)
  3 hounds
  An iguana (D:4)
  8 gnolls (D:5)
  4 adders
  2 river rats (D:4)
  An adder skeleton (D:3)
  A worm (D:2)
  4 dart slugs
  6 orcs (D:3)
  8 bats
  6 endoplasms
  3 giant cockroaches
  7 goblins
  5 hobgoblins
  11 jackals
  7 kobolds
  11 ball pythons
  4 frilled lizards
  10 rats
103 creatures vanquished.

Vanquished Creatures (others)
  438 foxfires
438 creatures vanquished.

Grand Total: 541 creatures vanquished

Notes
Turn   | Place    | Note
-------+----------+-------------------------------------------
     0 | D:1      | robertstho the Djinni Fire Elementalist began the quest for
                  | the Orb.
     0 | D:1      | Reached XP level 1. HP: 15/15 MP: 0/0
   361 | D:1      | Reached XP level 2. HP: 14/21 MP: 0/0
  1021 | D:1      | Reached skill level 3 in Spellcasting
  1028 | D:1      | Reached XP level 3. HP: 17/25 MP: 0/0
  1028 | D:1      | Learned a level 1 spell: Sandblast
  2171 | D:2      | Reached XP level 4. HP: 25/31 MP: 0/0
  2227 | D:2      | Reached skill level 1 in Fighting
  3721 | D:3      | Found a runed translucent gate.
  3729 | D:3      | Reached XP level 5. HP: 30/37 MP: 0/0
  3729 | D:3      | Learned a level 2 spell: Corpse Rot
  3801 | D:3      | Found a runed translucent gate.
  3805 | D:3      | Found a runed translucent gate.
  3811 | D:3      | Noticed MasterNub's ghost (amateur DsBe)
  4093 | D:3      | Identified the +2 ring mail of Touschac {rN+ Int+7}
  4391 | D:4      | Found Eggaqed's Neck Hole.
  4403 | D:4      | Found a staircase to the Ecumenical Temple.
  4499 | D:4      | Reached skill level 4 in Spellcasting
  4636 | D:4      | Found an iron altar of Okawaru.
  5266 | D:4      | Reached XP level 6. HP: 25/42 MP: 0/0
  5550 | D:5      | Entered Level 5 of the Dungeon
  6351 | D:5      | Reached skill level 5 in Spellcasting
  6381 | D:5      | Found a broken altar of Ashenzari.
  6393 | D:5      | Reached XP level 7. HP: 11/47 MP: 0/0
  6393 | D:5      | Learned a level 3 spell: Teleport Other
  6393 | D:5      | Slain by a scorpion

Illustrated notes

Levels and vault maps discovered:
D:1:      minmay_arrival_glassed_features, layout_loops_ring
D:2:      layout_loops_cross, chequers_serial_rivers_micro_c
D:3:      layout_loops_ring, biasface_ghost_orc_armoury
D:4:      layout_basic, okawaru_trees_2, minmay_temple_entry_drinking_statues,
          portal_sewer_entry_e, nicolae_shop_sticking_my_neck_out
D:5:      layout_loops_ring, evilmike_ruin_ashenzari, nicolae_shop_firing_range

Skill      XL: |  1  2  3  4  5  6 |
---------------+-------------------+-----
Spellcasting   | 3 4 5 |  5.1
Fighting       | 1 |  1.6
Stealth        | 2 |  2.6
Dodging        | |  2.3

Action                   |  1- 3 |  4- 6 |  7- 9 || total
-------------------------+-------+-------+-------++-------
Melee: Short sword       |     1 |       |       ||     1
       Dagger            |       |     9 |       ||     9
 Cast: Foxfire           |    80 |   190 |       ||   270
       Sticky Flame      |       |     2 |     1 ||     3
Armor: Robe              |     4 |    10 |       ||    14
Dodge: Dodged            |    30 |    33 |       ||    63
